AoeStats
← Reis

Arena

505492331Analyzed
4v4 RM · 24d ago on Sep 9, 2026· 50m 47s· 8 players
Game mode
Random Map
Map size
Large (8 player)
Population
200
Speed
Normal
Resources
Standard
Victory
Conquest
Starting age
Dark Age
Ending age
Imperial Age
RankedLock teamsTeams togetherTeam positionsShared explorationLock speedFull tech treeHidden civsTurbo modeCheats
Victory
Defeat
🇨🇭 Bulgarians · Switzerland
1452
+15
🇨🇳 Koreans · China
1452
+15
🇻🇳 Mongols · Vietnam
1444
+15
🇧🇷 Cumans · Brazil
1410
+16
🇹🇼 Teutons · Taiwan
1490
-18
🇹🇼 Bohemians · Taiwan
1471
-17
🇹🇼 Bengalis · Taiwan
1451
-16
🇹🇼 Persians · Taiwan
1282
-10
This is Kawaii
10:00 Feudal Age
10:54 Double-Bit Axe
13:36 Castle Age
11:44 Horse Collar
14:30 Bow Saw
19:01 Wheelbarrow
20:54 Loom
22:08 Gold Mining
28:55 Imperial Age
26:31 Fletching
27:19 Bodkin Arrow
28:27 Ballistics
28:30 Bloodlines
29:51 Husbandry
30:10 Bracer
30:37 Padded Archer Armor
33:07 Chemistry
32:04 Elite Mangudai
33:01 Thumb Ring
33:56 Leather Archer Armor
34:08 Parthian Tactics
41:16 Conscription
46:28 Scale Barding Armor
45:45 Light Cavalry
47:35 Forging
Reis
4:09 Loom
10:20 Feudal Age
14:28 Castle Age
13:22 Loom
15:34 Wheelbarrow
18:23 Scale Barding Armor
20:15 Fletching
20:42 Bodkin Arrow
29:19 Double-Bit Axe
30:55 Horse Collar
31:31 Bow Saw
33:21 Heavy Plow
Mionel Lessi
0:54 Loom
8:52 Feudal Age
10:18 Wheelbarrow
9:25 Horse Collar
12:20 Double-Bit Axe
15:08 Town Watch
17:38 Gold Mining
22:32 Castle Age
20:33 Stone Mining
22:34 Scale Barding Armor
22:39 Forging
23:28 Hand Cart
23:15 Heavy Plow
23:28 Bow Saw
24:00 Gold Shaft Mining
30:54 Imperial Age
28:52 Chain Barding Armor
28:40 Steppe Husbandry
29:57 Iron Casting
29:38 Bloodlines
32:13 Plate Barding Armor
32:39 Blast Furnace
32:01 Conscription
31:03 Elite Steppe Lancer
48:08 Fletching
chenst2020
11:09 Feudal Age
14:58 Castle Age
13:11 Double-Bit Axe
16:13 Bow Saw
16:29 Gold Mining
17:03 Stone Mining
18:59 Wheelbarrow
18:22 Loom
21:24 Stone Shaft Mining
21:40 Horse Collar
22:07 Fletching
24:26 Bodkin Arrow
26:25 Gold Shaft Mining
28:43 Hand Cart
33:05 Imperial Age
31:42 Ballistics
33:58 Scale Mail Armor
34:09 Forging
33:21 Pikeman
34:02 Squires
34:03 Bracer
35:17 Chemistry
34:41 Conscription
33:52 Elite Fire Lancer
34:59 Treadmill Crane
35:59 Fortified Wall
37:08 Chain Mail Armor
37:29 Iron Casting
37:13 Halberdier
38:46 Halberdier
46:03 Plate Mail Armor
LinCS
10:18 Feudal Age
14:32 Castle Age
12:52 Double-Bit Axe
13:18 Horse Collar
15:40 Bow Saw
20:12 Loom
21:57 Wheelbarrow
22:25 Sanctity
21:58 Town Watch
25:01 Hand Cart
24:48 Gold Mining
38:57 Stone Mining
39:43 Gold Shaft Mining
47:53 Imperial Age
45:15 Treadmill Crane
46:41 Ballistics
46:56 Fletching
47:06 Padded Archer Armor
48:18 Bodkin Arrow
48:38 Leather Archer Armor
49:20 Bracer
49:50 Ring Archer Armor
50:40 Chemistry
51:20 Paiks
50:37 Elite Ratha (Ranged)
51:39 Conscription
陳之漢
10:30 Feudal Age
14:07 Castle Age
12:14 Double-Bit Axe
12:12 Horse Collar
15:56 Bow Saw
16:08 Heavy Plow
19:32 Wheelbarrow
22:21 Gold Mining
28:22 Imperial Age
26:47 Scale Barding Armor
27:48 Forging
27:58 Chain Barding Armor
28:02 Bloodlines
28:41 Stone Mining
29:08 Hand Cart
28:39 Loom
28:39 Town Watch
28:28 Cavalier
29:50 Plate Barding Armor
29:51 Iron Casting
30:17 Iron Casting
30:02 Capped Ram
31:03 Paladin
33:00 Siege Engineers
34:26 Fortified Wall
36:37 Crenellations
38:41 Ironclad
41:50 Fletching
49:58 Ballistics
50:22 Bodkin Arrow
stevenchiu
10:20 Feudal Age
14:09 Castle Age
12:29 Loom
13:11 Double-Bit Axe
13:08 Horse Collar
15:22 Bow Saw
19:17 Fervor
21:51 Wheelbarrow
21:54 Heavy Plow
25:21 Hand Cart
29:11 Imperial Age
28:18 Chemistry
27:26 Town Watch
28:09 Masonry
27:40 Treadmill Crane
29:51 Ballistics
29:43 Pikeman
30:24 Squires
31:11 Town Patrol
30:55 Elite Hussite Wagon
31:55 Wagenburg Tactics
32:48 Siege Engineers
32:08 Houfnice
37:11 Halberdier
38:22 Scale Mail Armor
38:32 Forging
39:41 Chain Mail Armor
42:51 Plate Mail Armor
42:57 Iron Casting
46:27 Conscription
Spirit
10:26 Feudal Age
15:06 Castle Age
13:50 Double-Bit Axe
14:39 Horse Collar
20:43 Wheelbarrow
24:23 Heavy Plow
24:41 Bow Saw
26:41 Gold Mining
27:27 Hand Cart
30:06 Imperial Age
27:51 Husbandry
28:31 Gold Shaft Mining
28:40 Scale Barding Armor
28:45 Forging
29:14 Bloodlines
30:08 Loom
30:06 Cavalier
32:37 Iron Casting
32:34 Crop Rotation
33:08 Two-Man Saw
32:42 Conscription
32:17 Savar
35:28 Chain Barding Armor
36:08 Blast Furnace
Connection lost

Rejoining the realm…

Still unreachable

The connection could not be restored.

Session expired

The server has moved on; the page needs a fresh start.